 Dungeon Crawl Stone Soup version 0.31-a0-188-g5e087ee2ca (webtiles) character file.

Game seed: 7510847347535465093

37 qw the Shooter (level 3, -2/20 HPs)
             Began as a Deep Elf Hunter on June 23, 2023.
             Frozen to death by an endoplasm (3 damage)
             ... on level 1 of the Dungeon.
             The game lasted 00:00:23 (644 turns).

qw the Shooter (Deep Elf Hunter)                     Turns: 644, Time: 00:00:24

Health: -2/20      AC:  6    Str: 10    XL:     3   Next: 21%
Magic:  5/5        EV:  9    Int: 13    God:
Gold:   54         SH:  0    Dex: 18    Spells: 2/2 levels left

rFire   . . .        Y - +0 shortbow
rCold   . . .        (shield currently unavailable)
rNeg    . . .        e - +0 scale mail
rPois   .            (no helmet)
rElec   .            (no cloak)
rCorr   .            (no gloves)
SInv    .            (no boots)
Will    .....        (no amulet)
Stlth   +            (no ring)
HPRegen 0.23/turn    (no ring)
MPRegen 0.09/turn

%: no passive effects
@: no status effects
A: no striking features
a: no special abilities


You were on level 1 of the Dungeon.
You visited 1 branch of the dungeon, and saw 2 of its levels.

You collected 54 gold pieces.


   Skills:
 - Level 1.5 Fighting
 + Level 6.8 Ranged Weapons
 - Level 2.4 Dodging
 - Level 1.2 Stealth


You had 2 spell levels left.
You didn't know any spells.
Your spell library was empty.

Inventory:

Hand Weapons
 Y - a +0 shortbow (weapon)
Armour
 e - a +0 scale mail (worn)
Scrolls
 i - a scroll of identify
Potions
 d - a potion of mutation {unknown}
 f - a potion of brilliance {unknown}
 j - a potion of curing {unknown}

Dungeon Overview and Level Annotations

Branches:
Dungeon (2/15)

Altars:


Message History

The hobgoblin hits you.
You climb upwards.
There is a stone staircase leading down here.
You shoot an arrow. The arrow hits the hobgoblin.
The hobgoblin is heavily wounded.
The hobgoblin hits you but does no damage.
You shoot an arrow. The arrow hits the hobgoblin.
You kill the hobgoblin!
You start resting.
HP restored.
Partly explored, can't reach some places.
(D) Dungeon
Where to? (* - list waypoints, Enter - D:2, ? - help)
What level of the Dungeon? (default 1, ? - help)
You climb downwards.
The goblin hits you with a +0 club. The endoplasm freezes you.
You are frozen.
The goblin barely misses you. The endoplasm freezes you.
You are frozen.
There is a stone staircase leading up, spattered with blood here.
639 ||| STAIRDANCE The goblin closely misses you.
The endoplasm closely misses you.
You climb upwards.
There is a stone staircase leading down here.
You shoot an arrow. The arrow barely misses the goblin.
The goblin completely misses you. The endoplasm freezes you.
You are frozen.
You shoot an arrow. The arrow misses the goblin.
The goblin hits you with a +0 club. The endoplasm closely misses you.
You shoot an arrow. The arrow barely misses the goblin.
The goblin hits you but does no damage. The endoplasm freezes you.
You are frozen.
The goblin hits you but does no damage.
The endoplasm hits you but does no damage.
You shoot an arrow. The arrow barely misses the goblin.
The goblin barely misses you. The endoplasm freezes you.
You are frozen.
You die...

..#...#..#..#...#.# #######.##.#
..)...#..#...)....####...# #.....
.#....#..................# #.##..
.#..#.#.....(.......##...# #.##..
....#...........#...##...# #)....
#.#.#...............##...# #.....
#.#.#......###.(.##.##...# ##....
#.###..........J.##.##..>####.#.#
................@.#.##...##.....#
.###....#.###..g.................
.# #.#..#.###..#..#.#######......
.###.............#### #.#.#.#
.................##~# #.#....
........#..##.#.###~# ###...###
....#####..##...##~~## #...#.##.
#%..##........#...~~.####.###....
....#####..######~~~~............


You could see an endoplasm and a goblin.

Vanquished Creatures
  A dart slug (D:1)
  2 ball pythons (D:1)
  3 endoplasms (D:1)
  A giant cockroach (D:1)
  3 goblins (D:1)
  6 hobgoblins (D:1)
  4 kobolds (D:1)
  2 quokkas
  2 bats (D:1)
  4 rats (D:1)
28 creatures vanquished.

Notes
Turn   | Place    | Note
-------+----------+-------------------------------------------
     0 | D:1      | qw the Deep Elf Hunter began the quest for the Orb.
     0 | D:1      | Reached XP level 1. HP: 12/12 MP: 3/3
     0 | D:1      | 0 ||| qw: Version: 0.3-a-9-g12657ce
     0 | D:1      | 0 ||| qw: Game counter: 3648
     0 | D:1      | 0 ||| qw: Always use a shield: true
     0 | D:1      | 0 ||| qw: God list: Okawaru
     0 | D:1      | 0 ||| qw: Allow faded altars: false
     0 | D:1      | 0 ||| qw: Do Orc after D:15 true
     0 | D:1      | 0 ||| qw: Do second Lair branch before Depths: true
     0 | D:1      | 0 ||| qw: Lair rune preference: random
     0 | D:1      | 0 ||| qw: Plans: Normal
     0 | D:1      | 0 ||| PLANNING D:1-11
    77 | D:1      | Reached skill level 6 in Ranged Weapons
    77 | D:1      | Reached XP level 2. HP: 16/16 MP: 4/4
   104 | D:1      | 104 ||| FLEEEEING.
   294 | D:1      | Reached XP level 3. HP: 20/20 MP: 5/5
   511 | D:1      | 511 ||| UPGRADING to +0 scale mail.
   521 | D:1      | 521 ||| DROPPING +0 leather armour.
   522 | D:1      | 522 ||| READING scroll labelled XUTOURGH XIFU.
   523 | D:1      | 523 ||| READING scroll labelled MURRUN WOXAUSS.
   524 | D:1      | 524 ||| READING 2 scrolls labelled DOAGATE ANKUIDOR.
   525 | D:1      | 525 ||| DROPPING scroll of butterflies.
   527 | D:1      | 527 ||| Stepping ~*~*~tactically~*~*~ (cloud).
   535 | D:1      | HP: 5/20 [poisoned by you (poison gas)]
   624 | D:2      | 624 ||| STAIRDANCE
   639 | D:2      | 639 ||| STAIRDANCE
   641 | D:1      | HP: 5/20 [frozen (4)]
   642 | D:1      | HP: 2/20 [goblin/+0 club (3)]
   644 | D:1      | Frozen to death by an endoplasm

Levels and vault maps discovered:
D:1:      erik_arrival_triangle_small, layout_basic,
          chequers_serial_rivers_small_3
D:2:      layout_rooms, uniq_natasha

Skill      XL: |  1 |
---------------+----+-----
Ranged Weapons | 6 |  6.8
Fighting       | |  1.5
Dodging        | |  2.4
Stealth        | |  1.2

Action                     || total
---------------------------++-------
   Fire: Shortbow          ||    68
    Use: Scroll            ||     3
 Armour: Scale mail        ||     5
         Leather armour    ||     1
  Dodge: Dodged            ||    13

Table legend:
 A = Non-vault XP
 B = Vault XP
 C = Vault XP percentage of total XP
 D = Non-vault monster count
 E = Vault monster count
 F = Vault count percentage of total count
                 A         B        C        D         E       F
            +---------+---------+-------+---------+---------+-------
      Total |      53 |       0 |   0.0 |      28 |       0 |   0.0
            +---------+---------+-------+---------+---------+-------
        D:1 |      51 |       0 |   0.0 |      27 |       0 |   0.0
        D:2 |       2 |       0 |   0.0 |       1 |       0 |   0.0
            +---------+---------+-------+---------+---------+-------
